 Dungeon Crawl Stone Soup version 0.29.1-2-gbd0b4ee654 (webtiles) character file.

Game seed: 3848774594174688210

137 GeoRichter the Cutter (level 5, -14/27 HPs)
             Began as a Spriggan Fighter on Nov 11, 2022.
             Killed from afar by a hobgoblin (17 damage)
             ... with a bolt of light
             ... on level 2 of the Dungeon.
             The game lasted 00:05:11 (3350 turns).

GeoRichter the Cutter (Spriggan Fighter)            Turns: 3350, Time: 00:05:12

Health: -14/27     AC:  2    Str: 12    XL:     5   Next: 0%
Magic:  6/6        EV: 17    Int:  9    God:
Gold:   83         SH: 11    Dex: 17    Spells: 4/4 levels left

rFire   . . .      SeeInvis +   a - +0 rapier
rCold   . . .      Faith    .   c - +0 buckler
rNeg    . . .      Spirit   .   j - +0 robe
rPois   .          Reflect  +   (helmet restricted)
rElec   .          Harm     .   (no cloak)
rCorr   .          Rampage  .   (gloves unavailable)
Will    .....                   (boots unavailable)
Stlth   ++........              p - amulet of reflection
HPRegen 0.09/turn               (no ring)
MPRegen 0.10/turn               (no ring)

@: very quick
A: very small, no large weapons, unfitting armour, see invisible, speed 3
a: no special abilities


You were on level 2 of the Dungeon.
You visited 1 branch of the dungeon, and saw 2 of its levels.

You collected 83 gold pieces.

Inventory:

Hand Weapons
 a - a +0 rapier (weapon)
 b - a +0 sling
   (You found it on level 1 of the Dungeon)
Armour
 c - a +0 buckler (worn)
 j - a +0 robe (worn)
Jewellery
 p - an amulet of reflection (around neck)
   (You found it on level 2 of the Dungeon)
Wands
 l - a wand of digging (5)
   (You took it off Natasha on level 1 of the Dungeon)
Scrolls
 e - 2 scrolls of teleportation {unknown}
 g - 6 scrolls of identify {unknown}
 h - a scroll of enchant weapon {unknown}
 i - 2 scrolls of immolation {!r}
 k - a scroll of fear {unknown}
 n - a scroll of noise {unknown}
Potions
 d - 2 potions of might
 f - a potion of attraction {unknown}
 m - a potion of lignification {unknown}
 o - a potion of brilliance {unknown}


   Skills:
 - Level 2.4 Fighting
 * Level 5.7 Short Blades
 - Level 4.0 Dodging
 - Level 2.1 Shields


You had 4 spell levels left.
You didn't know any spells.
Your spell library was empty.

Dungeon Overview and Level Annotations

Branches:
Dungeon (2/15) Zot: 9467

Altars:

Annotations:
D:2 Terence


Innate Abilities, Weirdness & Mutations

You are very small and have problems with some larger weapons.
You are too small for most types of armour.
You have supernaturally acute eyesight. (SInv)
You cover ground extremely quickly. (Speed+++)


Message History

A ball python is nearby!
A ball python is nearby!
A ball python is nearby!
You barely miss the ball python.
The ball python hisses angrily.
You block the ball python's attack. The ball python grabs you.
The ball python constricts you.
You barely miss the ball python. The ball python misses you.
The ball python constricts you. The ball python barely misses you.
The ball python constricts you.
You closely miss the ball python. The ball python closely misses you.
The ball python constricts you.
You closely miss the ball python. The ball python misses you.
The ball python constricts you.
You barely miss the ball python. The ball python bites you.
The ball python constricts you.
You hit the ball python. The ball python bites you.
The ball python constricts you.
A hobgoblin comes into view. It is carrying a wand of light (14).
The ball python misses you. The ball python constricts you.
You closely miss the ball python. The ball python bites you.
The ball python constricts you.
You barely miss the ball python.
The hobgoblin shouts!
You block the ball python's attack. The ball python constricts you.
You puncture the ball python!
You kill the ball python!
The hobgoblin barely misses you.
You have reached level 5!
You feel agile.
You barely miss the hobgoblin.
The hobgoblin zaps a wand.
The bolt of light hits you!
You are confused.
* * * LOW HITPOINT WARNING * * *
The hobgoblin throws a stone.
The stone misses you.
The hobgoblin zaps a wand.
The bolt of light misses you.
You're too confused to move!
The hobgoblin misses you.
You see here a ball python corpse.
You feel less confused. The hobgoblin barely misses you.
Unknown command.
A frilled lizard comes into view.
The frilled lizard moves out of view.
Unknown command.
The hobgoblin zaps a wand.
The bolt of light hits you!
Ouch! That really hurt!
You die...

..#####....
.........#
..#####†.#
.........#
#.##.##g.# #
#..######
#.......#
#.#####.# #@#
#.# #.# #.#
#.# #.# #
#.#####.## .
#......†.# ###
# ##.......# #
..#
#.##.......#.#
#.#
#..........#.#
#.#
####.........#


You could see a hobgoblin.

Vanquished Creatures
  Natasha (thrice) (D:1)
  2 adders (D:1)
  2 endoplasms (D:1)
  A giant cockroach (D:1)
  6 hobgoblins
  3 jackals
  5 kobolds (D:1)
  2 quokkas (D:1)
  5 ball pythons
  2 bats
  6 frilled lizards
  4 goblins
  4 rats
45 creatures vanquished.

Notes
Turn   | Place    | Note
-------+----------+-------------------------------------------
     0 | D:1      | GeoRichter the Spriggan Fighter began the quest for the
                  | Orb.
     0 | D:1      | Reached XP level 1. HP: 11/11 MP: 2/2
   554 | D:1      | Reached skill level 3 in Short Blades
   569 | D:1      | Reached XP level 2. HP: 12/16 MP: 3/3
   996 | D:1      | Found a faded altar of an unknown god.
  1419 | D:1      | Reached XP level 3. HP: 19/19 MP: 4/4
  1512 | D:2      | Noticed Natasha
  1522 | D:1      | Killed Natasha
  1523 | D:1      | Reached skill level 4 in Short Blades
  1530 | D:1      | Noticed Natasha
  1826 | D:1      | Killed Natasha
  1827 | D:1      | Reached XP level 4. HP: 23/23 MP: 5/5
  1876 | D:1      | Noticed Natasha
  1879 | D:1      | Killed Natasha
  1880 | D:1      | Reached skill level 5 in Short Blades
  1880 | D:1      | Found a faded altar of an unknown god.
  2893 | D:2      | Noticed Terence
  3340 | D:2      | Reached XP level 5. HP: 15/27 MP: 6/6
  3350 | D:2      | Killed from afar by a hobgoblin

Illustrated notes

Levels and vault maps discovered:
D:1:      dpeg_arrival_snail, layout_loops_ring,
          hellmonk_ecumenical_altar_blasted, minmay_ruptured
D:2:      minmay_alternating_diamond, layout_loops_ring, minmay_tetromino_i2,
          uniq_terence, uniq_natasha

Skill      XL: |  1  2  3  4 |
---------------+-------------+-----
Short Blades   | 3 4 5 |  5.7
Fighting       | |  2.4
Dodging        | |  4.0
Shields        | |  2.1

Action                   |  1- 3 |  4- 6 || total
-------------------------+-------+-------++-------
Melee: Rapier            |    66 |    44 ||   110
 Fire: Sling             |    20 |    53 ||    73
  Use: Scroll            |       |     1 ||     1
 Stab: Sleeping          |     1 |       ||     1
Armor: Robe              |     4 |     5 ||     9
Dodge: Dodged            |    47 |    71 ||   118
Block: Buckler           |    14 |    30 ||    44
